Condors vs Icehogs

Created - February 5, 2023 at 22:50

Goals
1 2 3 OT1 SO T
Condors 0 2 0 0 1 3
Icehogs 1 0 1 0 0 2
Shots
1 2 3 OT1 SO T
Condors 11 16 13 4 3 44
Icehogs 19 9 13 0 3 41

1st period

1. Icehogs , Nick Paul 4 (Michael Chaput 11) at 15:20

Penalties :
No Penalty

2nd period

2. Condors , Adam Erne 10 (Daniel Zaar 29, Mark Jankowski 29) at 1:57
3. Condors , Mathew Barzal 12 (Nikolai Knyzhov 1, Kailer Yamamoto 4) at 15:21

Penalties :
Brett Lernout (Bak) for Tripping (Minor) at 7:15, Jesse Puljujarvi (Bak) for Interference (Minor) at 17:39

3rd period

4. Icehogs , Curtis Lazar 17 (Jeremy Davies 1, Frederik Gauthier 47) at 12:28

Penalties :
Mikhail Grigorenko (Roc) for Tripping (Minor) at 0:23, Adam Erne (Bak) for Holding (Minor) at 4:04, Nick Mattson (Roc) for Hooking (Minor) at 16:46

Overtime #1

No Goal

Penalties :
No Penalty

Shootout

Condors, Daniel Zaar - Stopped by Mark Visentin
Icehogs, Frederik Gauthier - Stopped by Carter Hart
Condors, Mark Jankowski - Stopped by Mark Visentin
Icehogs, Tanner Richard - Shot Misses the Net
Condors, Jake Virtanen - Goal!
Icehogs, Curtis Lazar - Stopped by Carter Hart

Penalties :
No Penalty

Goalie Stats

Carter Hart (Bak), 39 saves from 41 shots - (0.951), W, 13-8-3, 65:00 minutes
Mark Visentin (Roc), 42 saves from 44 shots - (0.955), OTL, 19-9-6, 65:00 minutes

Players Stats for Condors

Player Name              G  A  P  +/- PIM S  H  SB GA TA FO     MP     PP MP  PK MP  
------------------------------------------------------------------------------------
Adam Erne                1  0  1  -1  2   7  0  0  0  0  0/0    21:13   1:57   1:28 
Alexandre Carrier        0  0  0   1  0   0  1  4  0  0  0/0    30:20   2:15   3:23 
Brett Lernout            0  0  0   1  2   1  3  5  0  1  0/0    29:36   2:15   2:21 
C.J. Smith               0  0  0   0  0   1  1  0  0  0  0/0     6:27   0:00   0:00 
Christian Thomas         0  0  0   0  0   1  0  0  0  0  0/1    17:00   2:00   0:28 
Colin White              0  0  0   0  0   0  0  0  0  1  5/5     6:34   0:00   0:07 
Daniel Zaar              0  1  1  -1  0   8  0  1  0  1  6/10   24:24   1:58   3:22 
Emil Djuse               0  0  0  -1  0   1  1  0  0  0  0/0    22:42   1:43   2:33 
Jack Dougherty           0  0  0  -1  0   4  3  0  0  0  0/0    22:46   1:43   2:37 
Jake Virtanen            0  0  0   0  0   5  2  1  2  0  2/2    19:02   2:00   1:36 
Jesse Puljujarvi         0  0  0   1  2   0  0  0  1  1  0/0    14:08   0:00   1:09 
Kailer Yamamoto          0  1  1   0  0   4  1  1  0  0  0/0    16:25   0:00   0:00 
Mark Jankowski           0  1  1  -1  0   1  3  4  1  0  16/34  24:21   1:58   3:22 
Mathew Barzal            1  0  1   1  0   3  1  0  0  0  2/7    13:33   0:00   0:00 
Michael Rasmussen        0  0  0   0  0   1  0  0  0  0  1/1     4:44   0:01   0:46 
Nikolai Knyzhov          0  1  1   0  0   2  0  0  0  2  0/0    12:33   0:00   0:36 
Phil McRae               0  0  0   0  0   4  0  1  0  0  5/11   15:57   2:00   0:00 
Taro Hirose              0  0  0   1  0   1  2  1  0  0  0/1    12:15   0:00   0:00 

Players Stats for Icehogs

Player Name              G  A  P  +/- PIM S  H  SB GA TA FO     MP     PP MP  PK MP  
------------------------------------------------------------------------------------
Andrew Poturalski        0  0  0   0  0   0  0  0  0  0  2/3     6:25   0:00   0:00 
Calle Andersson          0  0  0   1  0   0  1  1  0  0  0/0    11:46   0:00   1:06 
Curtis Lazar             1  0  1   1  0   8  2  0  1  1  2/3    24:17   4:00   0:58 
Dillon Dube              0  0  0   0  0   0  0  0  0  0  0/0     1:21   0:00   0:00 
Duncan Siemens           0  0  0   0  0   0  0  2  0  0  0/0    21:31   2:04   1:24 
Frederik Gauthier        0  1  1   1  0   2  1  0  0  0  14/29  26:29   4:00   2:00 
Jeremy Davies            0  1  1   1  0   0  0  0  0  0  0/0    10:40   0:00   0:00 
JJ. Piccinich            0  0  0   0  0   0  0  0  0  0  0/0     0:14   0:00   0:00 
Julius Honka             0  0  0   0  0   0  0  1  0  0  0/0    21:31   2:04   1:24 
Kevin Fiala              0  0  0  -1  0   6  1  0  2  0  1/1    15:24   1:57   0:00 
Kurtis Gabriel           0  0  0   0  0   1  2  0  0  0  0/0    11:35   0:00   0:00 
Mattias Janmark          0  0  0   0  0   2  1  1  0  1  0/0     7:33   0:00   1:08 
Michael Chaput           0  1  1   0  0   4  2  0  1  0  5/9    12:08   0:00   0:33 
Mikhail Grigorenko       0  0  0   1  2   3  1  0  1  0  2/4    24:14   4:00   0:26 
Myles Bell               0  0  0  -1  0   2  1  0  0  1  1/2    15:24   1:57   0:00 
Nick Mattson             0  0  0  -1  2   2  1  3  1  0  0/0    31:35   3:53   1:14 
Nick Paul                1  0  1   0  0   3  2  0  0  0  0/1    11:35   0:00   0:00 
Nikita Scherbak          0  0  0   0  0   0  0  0  0  0  0/0     6:25   0:00   0:00 
Patrick Russell          0  0  0   0  0   0  0  0  0  0  0/0     0:57   0:00   0:00 
Patrick Sieloff          0  0  0  -1  0   4  4  1  0  0  0/0    27:10   3:53   2:19 
Ross Johnston            0  0  0   0  0   0  0  0  0  0  0/0     1:36   0:00   0:57 
Tanner Richard           0  0  0  -1  0   4  3  0  0  1  8/20   20:17   1:57   1:54 
Zach Whitecloud          0  0  0   0  0   0  0  0  0  0  0/0     5:53   0:00   0:29 

3 Stars

1 - Mark Visentin (Roc)
2 - Carter Hart (Bak)
3 - Mathew Barzal (Bak)

Power Play

Condors - 0 on 2 Attempt(s) - 0.00%
Icehogs - 0 on 3 Attempt(s) - 0.00%

Penalty Kill

Condors - 3 on 3 Attempt(s) - 100.00% - Score 0 goal in Penalty Kill
Icehogs - 2 on 2 Attempt(s) - 100.00% - Score 0 goal in Penalty Kill

Team Stat

Condors - Hits : 18 - Faceoff Wins : 37 - Blocked Shots : 18 - Penalty Minutes : 6
Icehogs - Hits : 22 - Faceoff Wins : 35 - Blocked Shots : 9 - Penalty Minutes : 4

Official

Referees : Beaudry Halkidis and Ian Walsh
Linesman : Tony Sericolo and Michel Cormier

Game Notes

No Game Note

Finance

Level 1 -- Attendance: 2000 (100.00%) -- Ticket Income $70,000
Level 2 -- Attendance: 881 (88.10%) -- Ticket Income $13,215
Total Attendance: 2881 (96.03%)
Total Ticket Income: $83,215
Other Income: $4,161
Total Income: $87,376

Condors

5 vs 5 Forward 
   Center                   Left Wing                Right Wing               Time % Phy DF OF 
 1 Mark Jankowski           Adam Erne                Daniel Zaar              40     1   2  2  
 2 Phil McRae               Christian Thomas         Jake Virtanen            30     1   2  2  
 3 Mathew Barzal            Taro Hirose              Jesse Puljujarvi         20     1   2  2  
 4 Colin White              C.J. Smith               Kailer Yamamoto          10     1   2  2  

5 vs 5 Defense 
   Defense                  Defense                                           Time % Phy DF OF 
 1 Brett Lernout            Alexandre Carrier                                 40     1   2  2  
 2 Jack Dougherty           Emil Djuse                                        30     1   2  2  
 3 Nikolai Knyzhov          Kailer Yamamoto                                   20     1   2  2  
 4 Brett Lernout            Alexandre Carrier                                 10     1   2  2  

PowerPlay Forward 
   Center                   Left Wing                Right Wing               Time % Phy DF OF 
 1 Mark Jankowski           Adam Erne                Daniel Zaar              60     1   2  2  
 2 Phil McRae               Christian Thomas         Jake Virtanen            40     1   2  2  

PowerPlay Defense
   Defense                  Defense                                           Time % Phy DF OF 
 1 Brett Lernout            Alexandre Carrier                                 60     1   2  2  
 2 Jack Dougherty           Emil Djuse                                        40     1   2  2  

Penalty Kill 4 Players Forward 
   Center                   Wing                     Time % Phy DF OF 
 1 Daniel Zaar              Mark Jankowski           60     1   2  2  
 2 Jake Virtanen            Adam Erne                40     1   2  2  

Penalty Kill 4 Players Defense
   Defense                  Defense                  Time % Phy DF OF 
 1 Brett Lernout            Alexandre Carrier        60     1   2  2  
 2 Jack Dougherty           Emil Djuse               40     1   2  2  

Penalty Kill - 3 Players Forward 
   Forward                                           Time % Phy DF OF 
 1 Daniel Zaar                                       60     1   2  2  
 2 Mark Jankowski                                    40     1   2  2  

Penalty Kill - 3 Players Defense
   Defense                  Defense                  Time % Phy DF OF 
 1 Brett Lernout            Alexandre Carrier        60     1   2  2  
 2 Jack Dougherty           Emil Djuse               40     1   2  2  

4 vs 4 Forward 
   Center                   Wing                     Time % Phy DF OF 
 1 Daniel Zaar              Mark Jankowski           60     1   2  2  
 2 Jake Virtanen            Adam Erne                40     1   2  2  

4 vs 4 Defense
   Defense                  Defense                  Time % Phy DF OF 
 1 Brett Lernout            Alexandre Carrier        60     1   2  2  
 2 Jack Dougherty           Emil Djuse               40     1   2  2  

Last Minutes Offensive
   Center                   Left Wing                Right Wing               Defense                  Defense                  
   Mark Jankowski           Adam Erne                Daniel Zaar              Brett Lernout            Alexandre Carrier        

Last Minutes Defensive
   Center                   Left Wing                Right Wing               Defense                  Defense                  
   Mark Jankowski           Adam Erne                Daniel Zaar              Brett Lernout            Alexandre Carrier        

Goaltenders
Starting : Carter Hart              
Backup : Mikko Koskinen           

Extra Forwards
Normal : Michael Rasmussen, Mathew Barzal, Jesse Puljujarvi - PP : Michael Rasmussen, Mathew Barzal - PK : Jesse Puljujarvi
Extra Defensemen
Normal : Nikolai Knyzhov, Jack Dougherty, Emil Djuse - PP : Nikolai Knyzhov - PK : Jack Dougherty, Emil Djuse
Penalty Shots
Daniel Zaar, Mark Jankowski, Jake Virtanen, Adam Erne, Phil McRae

Scratches
Cole Cassels (Healthy), Connor Hurley (Healthy), Gustav Olofsson (Sprained Left Knee Injury), Jeremy Gregoire (Healthy), Jordan Subban (Sprained Right Knee Injury)
Louis Leblanc (Healthy), Robin Salo (Healthy), Philippe Myers (Strained Right Elbow Injury), Remi Elie (Healthy), Robby Fabbri (Broken Right Thumb Injury)
Zac Leslie (Left Foot Injury), Clayton Keller (Healthy), Kiefer Sherwood (Healthy), Lucas Johansen (Healthy), Jack Campbell (Healthy)
Arvid Soderblom (Healthy)

Icehogs

5 vs 5 Forward 
   Center                   Left Wing                Right Wing               Time % Phy DF OF 
 1 Frederik Gauthier        Mikhail Grigorenko       Curtis Lazar             40     1   2  2  
 2 Tanner Richard           Myles Bell               Kevin Fiala              30     1   2  2  
 3 Michael Chaput           Nick Paul                Kurtis Gabriel           20     1   2  2  
 4 Andrew Poturalski        Mattias Janmark          Nikita Scherbak          10     1   2  2  

5 vs 5 Defense 
   Defense                  Defense                                           Time % Phy DF OF 
 1 Nick Mattson             Patrick Sieloff                                   40     1   2  2  
 2 Julius Honka             Duncan Siemens                                    30     1   2  2  
 3 Jeremy Davies            Calle Andersson                                   20     1   2  2  
 4 Zach Whitecloud          Nick Mattson                                      10     1   2  2  

PowerPlay Forward 
   Center                   Left Wing                Right Wing               Time % Phy DF OF 
 1 Frederik Gauthier        Mikhail Grigorenko       Curtis Lazar             60     1   2  2  
 2 Tanner Richard           Myles Bell               Kevin Fiala              40     1   2  2  

PowerPlay Defense
   Defense                  Defense                                           Time % Phy DF OF 
 1 Nick Mattson             Patrick Sieloff                                   60     1   2  2  
 2 Julius Honka             Duncan Siemens                                    40     1   2  2  

Penalty Kill 4 Players Forward 
   Center                   Wing                     Time % Phy DF OF 
 1 Frederik Gauthier        Tanner Richard           60     1   2  2  
 2 Curtis Lazar             Mikhail Grigorenko       40     1   2  2  

Penalty Kill 4 Players Defense
   Defense                  Defense                  Time % Phy DF OF 
 1 Nick Mattson             Patrick Sieloff          60     1   2  2  
 2 Julius Honka             Duncan Siemens           40     1   2  2  

Penalty Kill - 3 Players Forward 
   Forward                                           Time % Phy DF OF 
 1 Frederik Gauthier                                 60     1   2  2  
 2 Tanner Richard                                    40     1   2  2  

Penalty Kill - 3 Players Defense
   Defense                  Defense                  Time % Phy DF OF 
 1 Nick Mattson             Patrick Sieloff          60     1   2  2  
 2 Julius Honka             Duncan Siemens           40     1   2  2  

4 vs 4 Forward 
   Center                   Wing                     Time % Phy DF OF 
 1 Frederik Gauthier        Tanner Richard           60     1   2  2  
 2 Curtis Lazar             Mikhail Grigorenko       40     1   2  2  

4 vs 4 Defense
   Defense                  Defense                  Time % Phy DF OF 
 1 Nick Mattson             Patrick Sieloff          60     1   2  2  
 2 Julius Honka             Duncan Siemens           40     1   2  2  

Last Minutes Offensive
   Center                   Left Wing                Right Wing               Defense                  Defense                  
   Frederik Gauthier        Mikhail Grigorenko       Curtis Lazar             Nick Mattson             Patrick Sieloff          

Last Minutes Defensive
   Center                   Left Wing                Right Wing               Defense                  Defense                  
   Frederik Gauthier        Mikhail Grigorenko       Curtis Lazar             Nick Mattson             Patrick Sieloff          

Goaltenders
Starting : Mark Visentin            
Backup : Mackenzie Blackwood      

Extra Forwards
Normal : Dillon Dube, Patrick Russell, Ross Johnston - PP : Dillon Dube, Patrick Russell - PK : Ross Johnston
Extra Defensemen
Normal : Jeremy Davies, Calle Andersson, Zach Whitecloud - PP : Jeremy Davies - PK : Calle Andersson, Zach Whitecloud
Penalty Shots
Frederik Gauthier, Tanner Richard, Curtis Lazar, Mikhail Grigorenko, Michael Chaput

Scratches
Andrew Mangiapane (Healthy), Clark Bishop (Healthy), Kristian Reichel (Healthy), Mike Reilly (Sprained Left Finger Injury), Jackson Cates (Healthy)
Mitchell Chaffee (Healthy), Michael Giugovaz (Healthy), Jack LaFontaine (Healthy)

% Time on Ice - Condors

Lines # - Real PCT - Wanted PCT - Time Play
Normal Forward
1 - 35% - 40% - 17:36
2 - 28% - 30% - 13:57
3 - 24% - 20% - 12:05
4 - 13% - 10% - 6:27
Normal Defense
1 - 39% - 40% - 19:45
2 - 32% - 30% - 16:00
3 - 23% - 20% - 11:31
4 - 6% - 10% - 2:49
PP Forward
1 - 50% - 60% - 1:58
2 - 50% - 40% - 2:00
PP Defense
1 - 57% - 60% - 2:15
2 - 43% - 40% - 1:43
PK Forward
1 - 73% - 60% - 4:21
2 - 27% - 40% - 1:36
PK Defense
1 - 67% - 60% - 3:59
2 - 33% - 40% - 1:58
PK3 Forward
1 - 0% - 60%
2 - 0% - 40%
PK3 Defense
1 - 0% - 60%
2 - 0% - 40%
44 Forward
1 - 76% - 60% - 3:47
2 - 24% - 40% - 1:13
44 Defense
1 - 51% - 60% - 2:34
2 - 49% - 40% - 2:26
Last Minute Offensive  - 0:00
Last Minute Defensive  - 0:00
Total
Forward - 65:00
Defense - 65:00

% Time on Ice - Icehogs

Lines # - Real PCT - Wanted PCT - Time Play
Normal Forward
1 - 37% - 40% - 18:31
2 - 27% - 30% - 13:34
3 - 23% - 20% - 11:35
4 - 13% - 10% - 6:25
Normal Defense
1 - 37% - 40% - 18:22
2 - 32% - 30% - 16:00
3 - 21% - 20% - 10:19
4 - 11% - 10% - 5:24
PP Forward
1 - 67% - 60% - 4:00
2 - 33% - 40% - 1:57
PP Defense
1 - 65% - 60% - 3:53
2 - 35% - 40% - 2:04
PK Forward
1 - 76% - 60% - 3:00
2 - 24% - 40% - 0:58
PK Defense
1 - 65% - 60% - 2:34
2 - 35% - 40% - 1:24
PK3 Forward
1 - 0% - 60%
2 - 0% - 40%
PK3 Defense
1 - 0% - 60%
2 - 0% - 40%
44 Forward
1 - 70% - 60% - 3:29
2 - 30% - 40% - 1:31
44 Defense
1 - 59% - 60% - 2:57
2 - 41% - 40% - 2:03
Last Minute Offensive  - 0:00
Last Minute Defensive  - 0:00
Total
Forward - 65:00
Defense - 65:00

Play-by-Play

1st period


0:01 of 1st period - Mark Jankowski wins face-off versus Frederik Gauthier in neutral zone.
0:27 of 1st period - Tanner Richard is hit by Jake Virtanen.
0:31 of 1st period - Snap shot by Jake Virtanen.
0:31 of 1st period - Stopped by Mark Visentin with a rebound.
0:33 of 1st period - Snap shot by Christian Thomas.
0:33 of 1st period - Stopped by Mark Visentin with a rebound.
0:35 of 1st period - Slapshot by Phil McRae.
0:35 of 1st period - Deflect By Jake Virtanen.
0:35 of 1st period - Stopped by Mark Visentin without a rebound.
0:36 of 1st period - Michael Chaput wins face-off versus Mathew Barzal in Icehogs zone.
0:41 of 1st period - Jack Dougherty is hit by Michael Chaput and loses puck.
1:02 of 1st period - Jack Dougherty is hit by Mattias Janmark and loses puck.
1:25 of 1st period - Frederik Gauthier is hit by Jack Dougherty.
1:31 of 1st period - Jack Dougherty is hit by Calle Andersson and loses puck.
1:45 of 1st period - Off-side.
1:46 of 1st period - Tanner Richard wins face-off versus Christian Thomas in neutral zone.
2:33 of 1st period - Snap shot by Nick Paul.
2:33 of 1st period - Shot Misses the Net.
2:51 of 1st period - Julius Honka is hit by Brett Lernout and loses puck.
2:58 of 1st period - Snap shot by Andrew Poturalski.
2:58 of 1st period - Shot Misses the Net.
3:00 of 1st period - Snap shot by Nikita Scherbak.
3:00 of 1st period - Shot Blocked by Jake Virtanen.
3:12 of 1st period - Snap shot by Tanner Richard.
3:12 of 1st period - Shot Blocked by Alexandre Carrier.
3:14 of 1st period - Slapshot by Myles Bell.
3:14 of 1st period - Stopped by Carter Hart with a rebound.
3:18 of 1st period - Snap shot by Kevin Fiala.
3:18 of 1st period - Stopped by Carter Hart with a rebound.
3:20 of 1st period - Wrist shot by Tanner Richard.
3:20 of 1st period - Stopped by Carter Hart with a rebound.
3:36 of 1st period - Slapshot by Adam Erne.
3:36 of 1st period - Stopped by Mark Visentin without a rebound.
3:37 of 1st period - Mark Jankowski wins face-off versus Curtis Lazar in Icehogs zone.
4:04 of 1st period - Wrist shot by Kevin Fiala.
4:04 of 1st period - Stopped by Carter Hart with a rebound.
4:06 of 1st period - Slapshot by Julius Honka.
4:06 of 1st period - Deflect By Myles Bell.
4:06 of 1st period - Shot Blocked by Kailer Yamamoto.
4:06 of 1st period - Puck is out of play.
4:07 of 1st period - Mathew Barzal wins face-off versus Tanner Richard in Condors zone.
4:14 of 1st period - Snap shot by Myles Bell.
4:14 of 1st period - Stopped by Carter Hart without a rebound.
4:15 of 1st period - Daniel Zaar wins face-off versus Nick Paul in Condors zone.
4:26 of 1st period - Slapshot by Michael Chaput.
4:26 of 1st period - Shot Misses the Net.
5:08 of 1st period - Snap shot by Kevin Fiala.
5:08 of 1st period - Shot Blocked by Brett Lernout.
5:20 of 1st period - Mattias Janmark is hit by Mark Jankowski and loses puck.
5:43 of 1st period - Julius Honka is hit by Taro Hirose and loses puck.
6:15 of 1st period - Calle Andersson is hit by Jake Virtanen and loses puck.
6:30 of 1st period - Julius Honka is hit by Mark Jankowski and loses puck.
7:02 of 1st period - Icing by Julius Honka.
7:03 of 1st period - Colin White wins face-off versus Michael Chaput in Icehogs zone.
7:14 of 1st period - Wrist shot by C.J. Smith.
7:14 of 1st period - Shot Hit the Post.
7:54 of 1st period - Icing by Frederik Gauthier.
7:55 of 1st period - Mark Jankowski wins face-off versus Frederik Gauthier in Icehogs zone.
8:22 of 1st period - Snap shot by Curtis Lazar.
8:22 of 1st period - Deflect By Mikhail Grigorenko.
8:22 of 1st period - Shot Misses the Net.
8:22 of 1st period - Puck is out of play.
8:23 of 1st period - Phil McRae wins face-off versus Tanner Richard in Condors zone.
8:38 of 1st period - Slapshot by Tanner Richard.
8:38 of 1st period - Shot Blocked by Brett Lernout.
8:48 of 1st period - Patrick Sieloff is hit by Taro Hirose and loses puck.
9:09 of 1st period - Snap shot by Mattias Janmark.
9:09 of 1st period - Stopped by Carter Hart with a rebound.
9:11 of 1st period - Snap shot by Mattias Janmark.
9:11 of 1st period - Deflect By Daniel Zaar.
9:11 of 1st period - Shot Blocked by Mark Jankowski.
9:11 of 1st period - Puck is out of play.
9:12 of 1st period - Andrew Poturalski wins face-off versus Mark Jankowski in Condors zone.
9:24 of 1st period - Off-side.
9:25 of 1st period - Frederik Gauthier wins face-off versus Phil McRae in neutral zone.
9:34 of 1st period - Snap shot by Frederik Gauthier.
9:34 of 1st period - Stopped by Carter Hart with a rebound.
9:50 of 1st period - Adam Erne is hit by Patrick Sieloff and loses puck.
10:18 of 1st period - Jesse Puljujarvi is hit by Kurtis Gabriel and loses puck.
10:35 of 1st period - Slapshot by Mattias Janmark.
10:35 of 1st period - Stopped by Carter Hart without a rebound.
10:36 of 1st period - Andrew Poturalski wins face-off versus Phil McRae in Condors zone.
10:50 of 1st period - Icing by Brett Lernout.
10:51 of 1st period - Phil McRae wins face-off versus Mikhail Grigorenko in Condors zone.
10:56 of 1st period - Snap shot by Christian Thomas.
10:56 of 1st period - Shot Misses the Net.
10:58 of 1st period - Slapshot by Brett Lernout.
10:58 of 1st period - Shot Blocked by Duncan Siemens.
11:04 of 1st period - Slapshot by Jake Virtanen.
11:04 of 1st period - Shot Misses the Net.
11:28 of 1st period - Wrist shot by Phil McRae.
11:28 of 1st period - Stopped by Mark Visentin with a rebound.
11:42 of 1st period - Wrist shot by Jake Virtanen.
11:42 of 1st period - Shot Blocked by Duncan Siemens.
11:44 of 1st period - Wrist shot by Phil McRae.
11:44 of 1st period - Stopped by Mark Visentin without a rebound.
11:45 of 1st period - Tanner Richard wins face-off versus Mark Jankowski in Icehogs zone.
11:54 of 1st period - Snap shot by Tanner Richard.
11:54 of 1st period - Stopped by Carter Hart without a rebound.
11:55 of 1st period - Tanner Richard wins face-off versus Mark Jankowski in Condors zone.
11:56 of 1st period - Backhand shot by Kevin Fiala.
11:56 of 1st period - Stopped by Carter Hart with a rebound.
11:58 of 1st period - Snap shot by Tanner Richard.
11:58 of 1st period - Shot Misses the Net.
12:00 of 1st period - Slapshot by Patrick Sieloff.
12:00 of 1st period - Stopped by Carter Hart with a rebound.
12:02 of 1st period - Slapshot by Patrick Sieloff.
12:02 of 1st period - Shot Misses the Net.
12:10 of 1st period - Wrist shot by Tanner Richard.
12:10 of 1st period - Stopped by Carter Hart with a rebound.
12:12 of 1st period - Snap shot by Kevin Fiala.
12:12 of 1st period - Shot Blocked by Mark Jankowski.
12:14 of 1st period - Wrist shot by Kevin Fiala.
12:14 of 1st period - Stopped by Carter Hart with a rebound.
12:22 of 1st period - Snap shot by Daniel Zaar.
12:22 of 1st period - Deflect By Adam Erne.
12:22 of 1st period - Shot Misses the Net.
12:22 of 1st period - Puck is out of play.
12:23 of 1st period - Mikhail Grigorenko wins face-off versus Mathew Barzal in Icehogs zone.
12:29 of 1st period - Off-side.
12:30 of 1st period - Mathew Barzal wins face-off versus Frederik Gauthier in neutral zone.
12:45 of 1st period - Wrist shot by Frederik Gauthier.
12:45 of 1st period - Shot Blocked by Taro Hirose.
13:25 of 1st period - Wrist shot by Frederik Gauthier.
13:25 of 1st period - Shot Blocked by Alexandre Carrier.
13:35 of 1st period - Slapshot by Curtis Lazar.
13:35 of 1st period - Shot Blocked by Alexandre Carrier.
13:49 of 1st period - Slapshot by Curtis Lazar.
13:49 of 1st period - Shot Blocked by Brett Lernout.
13:55 of 1st period - Slapshot by Curtis Lazar.
13:55 of 1st period - Stopped by Carter Hart without a rebound.
13:56 of 1st period - Kevin Fiala wins face-off versus Mark Jankowski in Condors zone.
14:09 of 1st period - Snap shot by Kevin Fiala.
14:09 of 1st period - Deflect By Mark Jankowski.
14:09 of 1st period - Shot Misses the Net.
14:09 of 1st period - Puck is out of play.
14:10 of 1st period - Mark Jankowski wins face-off versus Michael Chaput in Condors zone.
14:25 of 1st period - Wrist shot by Michael Chaput.
14:25 of 1st period - Stopped by Carter Hart with a rebound.
14:35 of 1st period - Jack Dougherty is hit by Kevin Fiala and loses puck.
14:56 of 1st period - Snap shot by Kailer Yamamoto.
14:56 of 1st period - Shot Misses the Net.
15:02 of 1st period - Wrist shot by Kailer Yamamoto.
15:02 of 1st period - Stopped by Mark Visentin with a rebound.
15:20 of 1st period - Wrist shot by Nick Paul.
15:20 of 1st period - Goal by Nick Paul - Condors : 0 - Icehogs : 1.
15:21 of 1st period - Mark Jankowski wins face-off versus Tanner Richard in neutral zone.
15:24 of 1st period - Snap shot by Daniel Zaar.
15:24 of 1st period - Stopped by Mark Visentin without a rebound.
15:25 of 1st period - Myles Bell wins face-off versus Mark Jankowski in Icehogs zone.
15:34 of 1st period - Slapshot by Kevin Fiala.
15:34 of 1st period - Stopped by Carter Hart with a rebound.
15:36 of 1st period - Snap shot by Kevin Fiala.
15:36 of 1st period - Stopped by Carter Hart with a rebound.
16:14 of 1st period - Wrist shot by Michael Chaput.
16:14 of 1st period - Shot Misses the Net.
17:18 of 1st period - Snap shot by Jake Virtanen.
17:18 of 1st period - Shot Misses the Net.
17:20 of 1st period - Snap shot by Jake Virtanen.
17:20 of 1st period - Stopped by Mark Visentin without a rebound.
17:21 of 1st period - Frederik Gauthier wins face-off versus Phil McRae in Icehogs zone.
17:28 of 1st period - Wrist shot by Phil McRae.
17:28 of 1st period - Shot Misses the Net.
17:30 of 1st period - Backhand shot by Phil McRae.
17:30 of 1st period - Shot Misses the Net.
17:48 of 1st period - Snap shot by Curtis Lazar.
17:48 of 1st period - Stopped by Carter Hart without a rebound.
17:49 of 1st period - Mark Jankowski wins face-off versus Tanner Richard in Condors zone.
17:58 of 1st period - Snap shot by Adam Erne.
17:58 of 1st period - Shot Misses the Net.
18:00 of 1st period - Wrist shot by Daniel Zaar.
18:00 of 1st period - Shot Misses the Net.
18:02 of 1st period - Snap shot by Adam Erne.
18:02 of 1st period - Shot Misses the Net.
18:04 of 1st period - Snap shot by Adam Erne.
18:04 of 1st period - Shot Blocked by Julius Honka.
18:45 of 1st period - Snap shot by Phil McRae.
18:45 of 1st period - Stopped by Mark Visentin without a rebound.
18:46 of 1st period - Michael Chaput wins face-off versus Mark Jankowski in Icehogs zone.
19:00 of 1st period - Snap shot by Mark Jankowski.
19:00 of 1st period - Stopped by Mark Visentin with a rebound.
Goals for this period are 0 for Condors vs 1 for Icehogs.
Shots for this period are 11 for Condors vs 19 for Icehogs.

2nd period


0:01 of 2nd period - Frederik Gauthier wins face-off versus Mark Jankowski in neutral zone.
0:53 of 2nd period - Snap shot by Mathew Barzal.
0:53 of 2nd period - Stopped by Mark Visentin with a rebound.
0:55 of 2nd period - Slapshot by Jack Dougherty.
0:55 of 2nd period - Stopped by Mark Visentin with a rebound.
0:57 of 2nd period - Snap shot by Mathew Barzal.
0:57 of 2nd period - Shot Blocked by Nick Mattson.
0:59 of 2nd period - Slapshot by Emil Djuse.
0:59 of 2nd period - Stopped by Mark Visentin with a rebound.
1:01 of 2nd period - Slapshot by Emil Djuse.
1:01 of 2nd period - Shot Misses the Net.
1:03 of 2nd period - Snap shot by Taro Hirose.
1:03 of 2nd period - Stopped by Mark Visentin without a rebound.
1:04 of 2nd period - Mark Jankowski wins face-off versus Tanner Richard in Icehogs zone.
1:11 of 2nd period - Daniel Zaar is hit by Tanner Richard and loses puck.
1:20 of 2nd period - Wrist shot by Mark Jankowski.
1:20 of 2nd period - Shot Misses the Net.
1:39 of 2nd period - Backhand shot by Jake Virtanen.
1:39 of 2nd period - Deflect By Christian Thomas.
1:39 of 2nd period - Shot Misses the Net.
1:39 of 2nd period - Puck is out of play.
1:40 of 2nd period - Michael Chaput wins face-off versus Mark Jankowski in Icehogs zone.
1:51 of 2nd period - Slapshot by Nick Paul.
1:51 of 2nd period - Stopped by Carter Hart without a rebound.
1:52 of 2nd period - Mark Jankowski wins face-off versus Tanner Richard in Condors zone.
1:57 of 2nd period - Snap shot by Adam Erne.
1:57 of 2nd period - Goal by Adam Erne - Condors : 1 - Icehogs : 1.
1:58 of 2nd period - Mark Jankowski wins face-off versus Tanner Richard in neutral zone.
2:01 of 2nd period - Snap shot by Daniel Zaar.
2:01 of 2nd period - Stopped by Mark Visentin without a rebound.
2:02 of 2nd period - Tanner Richard wins face-off versus Mark Jankowski in Icehogs zone.
2:07 of 2nd period - Snap shot by Daniel Zaar.
2:07 of 2nd period - Stopped by Mark Visentin with a rebound.
2:11 of 2nd period - Wrist shot by Adam Erne.
2:11 of 2nd period - Stopped by Mark Visentin with a rebound.
2:13 of 2nd period - Slapshot by Mark Jankowski.
2:13 of 2nd period - Shot Misses the Net.
2:15 of 2nd period - Slapshot by Brett Lernout.
2:15 of 2nd period - Stopped by Mark Visentin with a rebound.
2:55 of 2nd period - Jack Dougherty is hit by Kurtis Gabriel and loses puck.
3:00 of 2nd period - Snap shot by Nick Paul.
3:00 of 2nd period - Shot Misses the Net.
3:14 of 2nd period - Backhand shot by Jack Dougherty.
3:14 of 2nd period - Deflect By Kailer Yamamoto.
3:14 of 2nd period - Stopped by Mark Visentin with a rebound.
3:16 of 2nd period - Slapshot by Emil Djuse.
3:16 of 2nd period - Shot Misses the Net.
3:18 of 2nd period - Slapshot by Jack Dougherty.
3:18 of 2nd period - Deflect By Jeremy Davies.
3:18 of 2nd period - Stopped by Mark Visentin without a rebound.
3:19 of 2nd period - Frederik Gauthier wins face-off versus Mark Jankowski in Icehogs zone.
3:32 of 2nd period - Snap shot by Mikhail Grigorenko.
3:32 of 2nd period - Shot Blocked by Daniel Zaar.
3:34 of 2nd period - Snap shot by Curtis Lazar.
3:34 of 2nd period - Deflect By Frederik Gauthier.
3:34 of 2nd period - Shot Misses the Net.
3:34 of 2nd period - Puck is out of play.
3:35 of 2nd period - Phil McRae wins face-off versus Tanner Richard in Condors zone.
6:03 of 2nd period - Snap shot by Jesse Puljujarvi.
6:03 of 2nd period - Shot Misses the Net.
6:17 of 2nd period - Daniel Zaar is hit by Nick Paul and loses puck.
6:59 of 2nd period - Backhand shot by Curtis Lazar.
6:59 of 2nd period - Stopped by Carter Hart without a rebound.
7:00 of 2nd period - Frederik Gauthier wins face-off versus Mathew Barzal in Condors zone.
7:10 of 2nd period - Off-side.
7:11 of 2nd period - Frederik Gauthier wins face-off versus Mark Jankowski in neutral zone.
7:15 of 2nd period - Minor Penalty to Brett Lernout for Tripping.
7:16 of 2nd period - Daniel Zaar wins face-off versus Frederik Gauthier in Condors zone.
9:15 of 2nd period - Penalty to Brett Lernout is over, Brett Lernout is back on ice.
9:31 of 2nd period - Slapshot by Brett Lernout.
9:31 of 2nd period - Shot Misses the Net.
9:33 of 2nd period - Slapshot by Nikolai Knyzhov.
9:33 of 2nd period - Stopped by Mark Visentin without a rebound.
9:34 of 2nd period - Colin White wins face-off versus Michael Chaput in Icehogs zone.
9:39 of 2nd period - Wrist shot by Brett Lernout.
9:39 of 2nd period - Shot Blocked by Calle Andersson.
10:30 of 2nd period - Slapshot by Jack Dougherty.
10:30 of 2nd period - Shot Misses the Net.
10:32 of 2nd period - Slapshot by Emil Djuse.
10:32 of 2nd period - Deflect By Mark Jankowski.
10:32 of 2nd period - Shot Misses the Net.
10:32 of 2nd period - Puck is out of play.
10:33 of 2nd period - Tanner Richard wins face-off versus Mark Jankowski in Icehogs zone.
11:06 of 2nd period - Frederik Gauthier is hit by Jack Dougherty and loses puck.
11:42 of 2nd period - Zach Whitecloud is hit by Kailer Yamamoto and loses puck.
12:03 of 2nd period - Adam Erne is hit by Curtis Lazar and loses puck.
12:10 of 2nd period - Wrist shot by Curtis Lazar.
12:10 of 2nd period - Stopped by Carter Hart with a rebound.
13:04 of 2nd period - Snap shot by Adam Erne.
13:04 of 2nd period - Stopped by Mark Visentin with a rebound.
13:10 of 2nd period - Snap shot by Adam Erne.
13:10 of 2nd period - Stopped by Mark Visentin without a rebound.
13:11 of 2nd period - Mark Jankowski wins face-off versus Frederik Gauthier in Icehogs zone.
13:47 of 2nd period - Snap shot by Tanner Richard.
13:47 of 2nd period - Shot Blocked by Brett Lernout.
14:05 of 2nd period - Snap shot by Kurtis Gabriel.
14:05 of 2nd period - Shot Blocked by Alexandre Carrier.
14:07 of 2nd period - Wrist shot by Kurtis Gabriel.
14:07 of 2nd period - Deflect By Nick Paul.
14:07 of 2nd period - Shot Misses the Net.
14:07 of 2nd period - Puck is out of play.
14:08 of 2nd period - Mark Jankowski wins face-off versus Frederik Gauthier in Condors zone.
14:17 of 2nd period - Snap shot by Mark Jankowski.
14:17 of 2nd period - Shot Blocked by Nick Mattson.
14:24 of 2nd period - Off-side.
14:25 of 2nd period - Tanner Richard wins face-off versus Phil McRae in neutral zone.
14:41 of 2nd period - Wrist shot by Phil McRae.
14:41 of 2nd period - Stopped by Mark Visentin with a rebound.
15:19 of 2nd period - Slapshot by Mathew Barzal.
15:19 of 2nd period - Shot Blocked by Nick Mattson.
15:21 of 2nd period - Snap shot by Nikolai Knyzhov.
15:21 of 2nd period - Deflect By Mathew Barzal.
15:21 of 2nd period - Goal by Mathew Barzal - Condors : 2 - Icehogs : 1.
15:22 of 2nd period - Frederik Gauthier wins face-off versus Mark Jankowski in neutral zone.
15:33 of 2nd period - Snap shot by Curtis Lazar.
15:33 of 2nd period - Stopped by Carter Hart without a rebound.
15:34 of 2nd period - Mark Jankowski wins face-off versus Frederik Gauthier in Condors zone.
15:34 of 2nd period - Brett Lernout is hit by Patrick Sieloff and loses puck.
15:40 of 2nd period - Brett Lernout is hit by Curtis Lazar and loses puck.
16:18 of 2nd period - Backhand shot by Nick Mattson.
16:18 of 2nd period - Stopped by Carter Hart without a rebound.
16:19 of 2nd period - Michael Chaput wins face-off versus Mathew Barzal in Condors zone.
16:26 of 2nd period - Duncan Siemens is hit by Brett Lernout and loses puck.
16:44 of 2nd period - Jesse Puljujarvi is hit by Nick Paul and loses puck.
17:32 of 2nd period - Jesse Puljujarvi is hit by Michael Chaput and loses puck.
17:37 of 2nd period - Wrist shot by Michael Chaput.
17:37 of 2nd period - Stopped by Carter Hart with a rebound.
17:39 of 2nd period - Minor Penalty to Jesse Puljujarvi for Interference.
17:40 of 2nd period - Daniel Zaar wins face-off versus Frederik Gauthier in Condors zone.
17:40 of 2nd period - Daniel Zaar is hit by Mikhail Grigorenko.
18:24 of 2nd period - Wrist shot by Mikhail Grigorenko.
18:24 of 2nd period - Stopped by Carter Hart with a rebound.
18:26 of 2nd period - Slapshot by Patrick Sieloff.
18:26 of 2nd period - Stopped by Carter Hart with a rebound.
19:06 of 2nd period - Wrist shot by Frederik Gauthier.
19:06 of 2nd period - Stopped by Carter Hart with a rebound.
19:08 of 2nd period - Slapshot by Nick Mattson.
19:08 of 2nd period - Shot Misses the Net.
19:39 of 2nd period - Penalty to Jesse Puljujarvi is over, Jesse Puljujarvi is back on ice.
Goals for this period are 2 for Condors vs 0 for Icehogs.
Shots for this period are 16 for Condors vs 9 for Icehogs.

3rd period


0:01 of 3rd period - Mikhail Grigorenko wins face-off versus Daniel Zaar in neutral zone.
0:01 of 3rd period - Mikhail Grigorenko is hit by Mark Jankowski.
0:23 of 3rd period - Minor Penalty to Mikhail Grigorenko for Tripping.
0:24 of 3rd period - Frederik Gauthier wins face-off versus Mark Jankowski in Icehogs zone.
2:10 of 3rd period - Phil McRae is hit by Nick Mattson and loses puck.
2:23 of 3rd period - Penalty to Mikhail Grigorenko is over, Mikhail Grigorenko is back on ice.
2:27 of 3rd period - Tanner Richard is hit by C.J. Smith.
2:45 of 3rd period - Wrist shot by Tanner Richard.
2:45 of 3rd period - Stopped by Carter Hart with a rebound.
2:47 of 3rd period - Slapshot by Tanner Richard.
2:47 of 3rd period - Shot Misses the Net.
2:49 of 3rd period - Wrist shot by Patrick Sieloff.
2:49 of 3rd period - Stopped by Carter Hart without a rebound.
2:50 of 3rd period - Michael Chaput wins face-off versus Taro Hirose in Condors zone.
2:59 of 3rd period - Wrist shot by Kurtis Gabriel.
2:59 of 3rd period - Stopped by Carter Hart with a rebound.
3:01 of 3rd period - Slapshot by Nick Paul.
3:01 of 3rd period - Shot Misses the Net.
3:03 of 3rd period - Snap shot by Nick Paul.
3:03 of 3rd period - Stopped by Carter Hart without a rebound.
3:04 of 3rd period - Mark Jankowski wins face-off versus Andrew Poturalski in Condors zone.
3:18 of 3rd period - Off-side.
3:19 of 3rd period - Phil McRae wins face-off versus Michael Chaput in neutral zone.
3:59 of 3rd period - Snap shot by Michael Chaput.
3:59 of 3rd period - Stopped by Carter Hart with a rebound.
4:01 of 3rd period - Slapshot by Patrick Sieloff.
4:01 of 3rd period - Stopped by Carter Hart without a rebound.
4:02 of 3rd period - Mark Jankowski wins face-off versus Mikhail Grigorenko in Condors zone.
4:04 of 3rd period - Minor Penalty to Adam Erne for Holding.
4:05 of 3rd period - Daniel Zaar wins face-off versus Frederik Gauthier in Condors zone.
4:37 of 3rd period - Slapshot by Nick Mattson.
4:37 of 3rd period - Deflect By Alexandre Carrier.
4:37 of 3rd period - Stopped by Carter Hart without a rebound.
4:38 of 3rd period - Jake Virtanen wins face-off versus Tanner Richard in Condors zone.
5:01 of 3rd period - Emil Djuse is hit by Tanner Richard and loses puck.
5:14 of 3rd period - Snap shot by Jake Virtanen.
5:14 of 3rd period - Stopped by Mark Visentin without a rebound.
5:15 of 3rd period - Jake Virtanen wins face-off versus Frederik Gauthier in Icehogs zone.
5:43 of 3rd period - Off-side.
5:44 of 3rd period - Frederik Gauthier wins face-off versus Daniel Zaar in neutral zone.
6:04 of 3rd period - Penalty to Adam Erne is over, Adam Erne is back on ice.
6:33 of 3rd period - Slapshot by Kailer Yamamoto.
6:33 of 3rd period - Shot Misses the Net.
6:35 of 3rd period - Slapshot by Nikolai Knyzhov.
6:35 of 3rd period - Stopped by Mark Visentin with a rebound.
7:18 of 3rd period - Wrist shot by Adam Erne.
7:18 of 3rd period - Stopped by Mark Visentin with a rebound.
7:20 of 3rd period - Snap shot by Daniel Zaar.
7:20 of 3rd period - Stopped by Mark Visentin without a rebound.
7:21 of 3rd period - Tanner Richard wins face-off versus Phil McRae in Icehogs zone.
7:38 of 3rd period - Off-side.
7:39 of 3rd period - Mark Jankowski wins face-off versus Frederik Gauthier in neutral zone.
7:41 of 3rd period - Jack Dougherty is hit by Frederik Gauthier and loses puck.
8:53 of 3rd period - Snap shot by Daniel Zaar.
8:53 of 3rd period - Shot Blocked by Mattias Janmark.
9:05 of 3rd period - Wrist shot by Andrew Poturalski.
9:05 of 3rd period - Shot Misses the Net.
9:31 of 3rd period - Snap shot by Kevin Fiala.
9:31 of 3rd period - Shot Blocked by Phil McRae.
9:57 of 3rd period - Slapshot by Mathew Barzal.
9:57 of 3rd period - Shot Blocked by Patrick Sieloff.
11:59 of 3rd period - Jack Dougherty is hit by Myles Bell and loses puck.
12:24 of 3rd period - Slapshot by Frederik Gauthier.
12:24 of 3rd period - Shot Misses the Net.
12:26 of 3rd period - Wrist shot by Jeremy Davies.
12:26 of 3rd period - Shot Blocked by Mark Jankowski.
12:28 of 3rd period - Wrist shot by Curtis Lazar.
12:28 of 3rd period - Goal by Curtis Lazar - Condors : 2 - Icehogs : 2.
12:29 of 3rd period - Frederik Gauthier wins face-off versus Mark Jankowski in neutral zone.
13:23 of 3rd period - Snap shot by Kailer Yamamoto.
13:23 of 3rd period - Stopped by Mark Visentin without a rebound.
13:24 of 3rd period - Mark Jankowski wins face-off versus Frederik Gauthier in Icehogs zone.
13:25 of 3rd period - Snap shot by Daniel Zaar.
13:25 of 3rd period - Stopped by Mark Visentin with a rebound.
13:33 of 3rd period - Wrist shot by Curtis Lazar.
13:33 of 3rd period - Stopped by Carter Hart with a rebound.
13:35 of 3rd period - Slapshot by Curtis Lazar.
13:35 of 3rd period - Stopped by Carter Hart without a rebound.
13:36 of 3rd period - Curtis Lazar wins face-off versus Mark Jankowski in Condors zone.
13:49 of 3rd period - Wrist shot by Daniel Zaar.
13:49 of 3rd period - Stopped by Mark Visentin with a rebound.
13:51 of 3rd period - Snap shot by Daniel Zaar.
13:51 of 3rd period - Stopped by Mark Visentin with a rebound.
14:05 of 3rd period - Snap shot by Jake Virtanen.
14:05 of 3rd period - Stopped by Mark Visentin without a rebound.
14:06 of 3rd period - Phil McRae wins face-off versus Tanner Richard in Icehogs zone.
14:36 of 3rd period - Slapshot by Mathew Barzal.
14:36 of 3rd period - Stopped by Mark Visentin without a rebound.
14:37 of 3rd period - Frederik Gauthier wins face-off versus Mathew Barzal in Icehogs zone.
14:37 of 3rd period - Frederik Gauthier is hit by Brett Lernout.
14:51 of 3rd period - Slapshot by Mikhail Grigorenko.
14:51 of 3rd period - Stopped by Carter Hart with a rebound.
14:53 of 3rd period - Wrist shot by Curtis Lazar.
14:53 of 3rd period - Deflect By Mikhail Grigorenko.
14:53 of 3rd period - Shot Blocked by Brett Lernout.
14:53 of 3rd period - Puck is out of play.
14:54 of 3rd period - Tanner Richard wins face-off versus Mark Jankowski in Condors zone.
15:19 of 3rd period - Slapshot by Michael Chaput.
15:19 of 3rd period - Deflect By Adam Erne.
15:19 of 3rd period - Stopped by Carter Hart with a rebound.
15:21 of 3rd period - Slapshot by Duncan Siemens.
15:21 of 3rd period - Shot Misses the Net.
15:45 of 3rd period - Slapshot by Adam Erne.
15:45 of 3rd period - Stopped by Mark Visentin without a rebound.
15:46 of 3rd period - Frederik Gauthier wins face-off versus Phil McRae in Icehogs zone.
16:19 of 3rd period - Wrist shot by Mikhail Grigorenko.
16:19 of 3rd period - Shot Misses the Net.
16:27 of 3rd period - Slapshot by Frederik Gauthier.
16:27 of 3rd period - Shot Misses the Net.
16:29 of 3rd period - Wrist shot by Mikhail Grigorenko.
16:29 of 3rd period - Stopped by Carter Hart without a rebound.
16:30 of 3rd period - Colin White wins face-off versus Myles Bell in Condors zone.
16:35 of 3rd period - Wrist shot by Kailer Yamamoto.
16:35 of 3rd period - Stopped by Mark Visentin without a rebound.
16:36 of 3rd period - Colin White wins face-off versus Tanner Richard in Icehogs zone.
16:37 of 3rd period - Wrist shot by Kailer Yamamoto.
16:37 of 3rd period - Deflect By C.J. Smith.
16:37 of 3rd period - Stopped by Mark Visentin without a rebound.
16:38 of 3rd period - Colin White wins face-off versus Tanner Richard in Icehogs zone.
16:46 of 3rd period - Minor Penalty to Nick Mattson for Hooking.
16:47 of 3rd period - Frederik Gauthier wins face-off versus Mark Jankowski in Icehogs zone.
18:46 of 3rd period - Penalty to Nick Mattson is over, Nick Mattson is back on ice.
19:10 of 3rd period - Zach Whitecloud is hit by Jack Dougherty and loses puck.
Goals for this period are 0 for Condors vs 1 for Icehogs.
Shots for this period are 13 for Condors vs 13 for Icehogs.

Overtime #1


0:01 of 1st overtime period - Frederik Gauthier wins face-off versus Daniel Zaar in neutral zone.
0:04 of 1st overtime period - Mark Jankowski is hit by Patrick Sieloff and loses puck.
0:38 of 1st overtime period - Jack Dougherty is hit by Patrick Sieloff and loses puck.
0:45 of 1st overtime period - Slapshot by Jack Dougherty.
0:45 of 1st overtime period - Stopped by Mark Visentin without a rebound.
0:46 of 1st overtime period - Curtis Lazar wins face-off versus Daniel Zaar in Icehogs zone.
1:23 of 1st overtime period - Nick Mattson is hit by Mathew Barzal and loses puck.
1:30 of 1st overtime period - Slapshot by Jack Dougherty.
1:30 of 1st overtime period - Stopped by Mark Visentin with a rebound.
1:32 of 1st overtime period - Snap shot by Michael Rasmussen.
1:32 of 1st overtime period - Stopped by Mark Visentin without a rebound.
1:33 of 1st overtime period - Daniel Zaar wins face-off versus Frederik Gauthier in Icehogs zone.
1:34 of 1st overtime period - Wrist shot by Mark Jankowski.
1:34 of 1st overtime period - Deflect By Daniel Zaar.
1:34 of 1st overtime period - Stopped by Mark Visentin without a rebound.
1:35 of 1st overtime period - Daniel Zaar wins face-off versus Frederik Gauthier in Icehogs zone.
2:12 of 1st overtime period - Mikhail Grigorenko is hit by Emil Djuse and loses puck.
2:36 of 1st overtime period - Icing by Brett Lernout.
2:37 of 1st overtime period - Michael Rasmussen wins face-off versus Frederik Gauthier in Condors zone.
3:38 of 1st overtime period - Snap shot by Patrick Russell.
3:38 of 1st overtime period - Shot Blocked by Mark Jankowski.
4:35 of 1st overtime period - Jesse Puljujarvi is hit by Tanner Richard.
4:44 of 1st overtime period - Jeremy Davies is hit by Alexandre Carrier and loses puck.
Goals for this period are 0 for Condors vs 0 for Icehogs.
Shots for this period are 4 for Condors vs 0 for Icehogs.

ShootOut


5:00 of 1st overtime period - Round #1.
5:00 of 1st overtime period - Condors, Daniel Zaar.
5:00 of 1st overtime period - Backhand shot by Daniel Zaar.
5:00 of 1st overtime period - Stopped by Mark Visentin.
5:00 of 1st overtime period - Icehogs, Frederik Gauthier.
5:00 of 1st overtime period - Backhand shot by Frederik Gauthier.
5:00 of 1st overtime period - Stopped by Carter Hart.
5:00 of 1st overtime period - Round #2.
5:00 of 1st overtime period - Condors, Mark Jankowski.
5:00 of 1st overtime period - Backhand shot by Mark Jankowski.
5:00 of 1st overtime period - Stopped by Mark Visentin.
5:00 of 1st overtime period - Icehogs, Tanner Richard.
5:00 of 1st overtime period - Snap shot by Tanner Richard.
5:00 of 1st overtime period - Shot Misses the Net.
5:00 of 1st overtime period - Round #3.
5:00 of 1st overtime period - Condors, Jake Virtanen.
5:00 of 1st overtime period - Snap shot by Jake Virtanen.
5:00 of 1st overtime period - Goal by Jake Virtanen.
5:00 of 1st overtime period - Icehogs, Curtis Lazar.
5:00 of 1st overtime period - Wrist shot by Curtis Lazar.
5:00 of 1st overtime period - Stopped by Carter Hart.